 Dungeon Crawl Stone Soup version 0.28.0-1-gb440e238dd (webtiles) character file.

Game seed: 6861746600437987250

6 sanka the Conjurer (level 1, -1/13 HPs)
             Began as a Merfolk Conjurer on Feb 22, 2022.
             Slain by a jackal (3 damage)
             ... on level 1 of the Dungeon.
             The game lasted 00:00:35 (381 turns).

sanka the Conjurer (Merfolk Conjurer)                Turns: 381, Time: 00:00:36

Health: -1/13      AC:  2    Str:  7    XL:     1   Next: 90%
Magic:  3/3        EV: 15    Int: 17    God:
Gold:   22         SH:  0    Dex: 12    Spells: 3/4 levels left

rFire   . . .      SeeInvis .   f - +0 short sword
rCold   + . .      Faith    .   (no shield)
rNeg    . . .      Spirit   .   a - +0 robe
rPois   .          Reflect  .   (no helmet)
rElec   .          Harm     .   (no cloak)
rCorr   .          Rampage  .   (no gloves)
Will    .....                   (boots currently unavailable)
Stlth   +++.......              (no amulet)
HPRegen 0.04/turn               c - ring of protection from cold
MPRegen 0.08/turn               (no ring)

@: very quick
A: nimble swimmer 2, mertail
a: no special abilities


You were on level 1 of the Dungeon.
You visited 1 branch of the dungeon, and saw 1 of its levels.

You collected 22 gold pieces.

Inventory:

Hand Weapons
 f - a +0 short sword (weapon)
Armour
 a - a +0 robe (worn)
Jewellery
 c - a ring of protection from cold (left hand)
 e - an amulet of faith
Scrolls
 d - a scroll of immolation {unknown}
Potions
 b - a potion of lignification {unknown}


   Skills:
 - Level 2.6 Dodging
 - Level 2.1 Stealth
 - Level 2.0 Spellcasting
 + Level 3.5 Conjurations


You had 3 spell levels left.
You knew the following spells:

 Your Spells              Type           Power      Damage    Failure   Level
a - Magic Dart            Conj           52%        1d5       4%          1

Your spell library contained the following spells:

 Spells                   Type           Power      Damage    Failure   Level
 Searing Ray              Conj           26%        2d5       7%          2
 Dazzling Flash           Conj/Hex       14%        N/A       28%         3
 Fulminant Prism          Conj/Hex       3%         3d6       67%         4
 Iskenderun's Mystic Bla  Conj/Tloc      7%         2d4       67%         4


Dungeon Overview and Level Annotations

Branches:
Dungeon (1/15)

Altars:


Innate Abilities, Weirdness & Mutations

You are very nimble when in or above water. (Stealth+, EV+, Speed+++)
Your lower body shifts to a powerful aquatic tail in water.


Message History

You hit the giant cockroach but do no damage.
You tail-slap the giant cockroach.
The giant cockroach is heavily wounded.
The giant cockroach misses you.
A jackal comes into view.
The giant cockroach completely misses you.
You closely miss the giant cockroach.
The giant cockroach is heavily wounded.
The giant cockroach misses you.
The jackal barks!
You hit the giant cockroach.
You kill the giant cockroach!
The jackal bites you but does no damage.
The jackal barely misses you.
Your legs become a tail as you enter the water.
You closely miss the jackal. The jackal bites you.
You hit the jackal.
The jackal is lightly wounded.
The jackal bites you. x2
You are too injured to fight recklessly!
You are too injured to fight recklessly!
You are too injured to fight recklessly!
You are too injured to fight recklessly!
You hit the jackal but do no damage.
The jackal is lightly wounded.
The jackal bites you.
* * * LOW HITPOINT WARNING * * *
You completely miss the jackal.
The jackal is lightly wounded.
The jackal closely misses you. x2
You barely miss the jackal.
You tail-slap the jackal, but do no damage.
The jackal is lightly wounded.
The jackal barely misses you.
You hit the jackal.
The jackal is moderately wounded.
The jackal bites you.
* * * LOW HITPOINT WARNING * * *
The jackal bites you.
You die...

##..#.### #.#.###.>## #.#
##. #...#...###.#.###..#
#.###..
#.###.#.#....(.....##
#.....#
#.....#...###.#.)...#
#####..
######.###.#.###.#.....#
##.
...........#...#........#
#.
###.#....###.#.#.#......#
###. #
####.....#.#≈≈≈≈≈≈≈≈≈##
##≈≈≈
###.###.h@#######≈#≈♣≈#≈##
#.....#≈#....8####8####8
#.....#≈#.....+.......'.
......##.#≈#8...8##8#'#8##8
########..≈###'######'#####
##.≈#≈#.##♣♣.....♣♣#
#.≈♣♣8.#♣≈.......≈♣
#.≈#≈#.8#.........#
#.≈###.##...≈♣≈...#


You could see a jackal.

Vanquished Creatures
  An endoplasm (D:1)
  A giant cockroach (D:1)
  A hobgoblin (D:1)
  2 kobolds (D:1)
  A rat (D:1)
6 creatures vanquished.

Notes
Turn   | Place    | Note
-------+----------+-------------------------------------------
     0 | D:1      | sanka the Merfolk Conjurer began the quest for the Orb.
     0 | D:1      | Reached XP level 1. HP: 13/13 MP: 3/3
   381 | D:1      | Slain by a jackal

Illustrated notes

Levels and vault maps discovered:
D:1:      saegor_arrival_fortress, layout_loops_ring,
          hangedman_abyss_or_decor_stabs

Action                   || total
-------------------------++-------
Melee: Short sword       ||    10
       Unarmed           ||     8
       Tailslap          ||     2
 Cast: Magic Dart        ||    11
Armor: Robe              ||     6
Dodge: Dodged            ||    20
